Match 28993684
Unlisted

Match 28993684
End
Kettenkrad Recon Vehicle
Construct Infanterie Kompanie
Selects Breakthrough Battlegroup
Selects Assault Grenadiers
Grenadier Squad
MG 42 Machine Gun Team
Medical Station
MG 42 Machine Gun Team
Sniper
Construct Luftwaffe Kompanie
Luftwaffe Officer Quarters
Grenadier Squad
MG 42 Bunker
221 Scout Car
Support Elements
Jäger Squad
Marder III M Tank Destroyer
Selects Smoke Bombing Run
Selects Incendiary Bombing Run
Construct Panzergrenadier Kompanie
Kettenkrad Recon Vehicle
MG 42 Machine Gun Team
Nebelwerfer 42 Rocket Launcher Team
221 Scout Car
221 Scout Car
Grenadier Squad
MG 42 Machine Gun Team
Marder III M Tank Destroyer
Pak 40 Anti-tank Gun Team
MG 42 Machine Gun Team
Pioneer Squad
Nebelwerfer 42 Rocket Launcher Team
Selects Rapid Production
Selects Blitzkrieg
Selects Panzer IV Command Tank Sd.Kfz. 161/1
Selects 2.5-tonne Cargo Truck
Selects Blitzkrieg
Tom
Nukepapa
Gikerl
Tschuikow
0
0

Comments sign in to comment!

No comments posted yet!